 Dungeon Crawl Stone Soup version 0.31-a0-233-g139696dc86 (webtiles) character file.

Game seed: 3173036117025479361

422 qw the Shooter (level 6, -4/37 HPs)
             Began as a Gargoyle Hexslinger on July 7, 2023.
             Slain by a black bear (6 damage)
             ... on level 4 of the Dungeon.
             The game lasted 00:01:05 (2182 turns).

qw the Shooter (Gargoyle Hexslinger)                Turns: 2182, Time: 00:01:06

Health: -4/37      AC: 10    Str: 12    XL:     6   Next: 95%
Magic:  7/7        EV: 10    Int: 13    God:
Gold:   211        SH:  0    Dex: 14    Spells: 6/7 levels left

rFire   . . .        Y - +2 sling
rCold   . . .        (no shield)
rNeg    + . .        f - +0 ring mail
rPois   inf          (no helmet)
rElec   +            d - +0 cloak
rCorr   .            (no gloves)
SInv    .            (no boots)
Will    .....        (no amulet)
Stlth   +            (no ring)
HPRegen 0.26/turn    (no ring)
MPRegen 0.10/turn

%: no passive effects
@: no status effects
A: sickness immunity, AC +4, negative energy resistance 1, electricity
resistance, torment resistance 1, petrification resistance
a: no special abilities


You were on level 4 of the Dungeon.
You visited 1 branch of the dungeon, and saw 4 of its levels.

You collected 211 gold pieces.


Innate Abilities, Weirdness & Mutations

You are immune to sickness and miasma.
Your stone body is resilient. (AC +4)
You are immune to poison.
You resist negative energy. (rN+)
You are resistant to electric shocks. (rElec)
You are resistant to unholy torment.
You are immune to petrification.


   Skills:
 + Level 3.4 Fighting
 - Level 6.3 Ranged Weapons
 - Level 1.0 Armour
 - Level 1.5 Dodging
 - Level 1.0 Spellcasting
 - Level 2.6 Hexes


You had 6 spell levels left.
You knew the following spells:

 Your Spells              Type           Power      Damage    Failure   Level
a - Slow                  Hex            28%        N/A       22%         1

Your spell library contained the following spells:

 Spells                   Type           Power      Damage    Failure   Level
 Inner Flame              Hex/Fire       4%         N/A       73%         3
 Portal Projectile        Hex/Tloc       8%         N/A       73%         3
 Cause Fear               Hex            3%         N/A       91%         4

Inventory:

Hand Weapons
 Y - a +2 sling (weapon)
Armour
 d - a +0 cloak (worn)
 f - a +0 ring mail (worn)
Scrolls
 m - a scroll of identify
Potions
 a - a potion of berserk rage {unknown}
 c - a potion of haste
 g - a potion of resistance {unknown}
 h - a potion of enlightenment {unknown}
 i - a potion of curing
 j - a potion of ambrosia {unknown}
 l - a potion of heal wounds {unknown}

Dungeon Overview and Level Annotations

Branches:
Dungeon (4/15)
 Temple: D:4-7

Altars:
Dithmenos

Shops:
D:1 :(


Message History

You shoot a sling bullet.
The sling bullet closely misses the black bear.
The black bear bites you. The black bear barely misses you. x2
The black bear bites you but does no damage.
The black bear barely misses you.
The black bear claws you but does no damage.
You shoot a sling bullet.
The sling bullet closely misses the black bear.
The black bear bites you. The black bear claws you.
The black bear claws you but does no damage.
The black bear barely misses you.
The black bear claws you but does no damage. x2
You shoot a sling bullet. The sling bullet hits the black bear.
The black bear is almost dead.
The black bear barely misses you.
The black bear claws you but does no damage.
The black bear claws you.
You shoot a sling bullet.
The sling bullet barely misses the black bear.
The black bear closely misses you.
The black bear claws you but does no damage. x2
The black bear misses you. The black bear barely misses you.
The black bear claws you but does no damage.
You shoot a sling bullet.
The sling bullet hits the black bear but does no damage.
The black bear is almost dead.
The black bear barely misses you. The black bear completely misses you.
The black bear claws you but does no damage.
The black bear closely misses you.
The black bear claws you but does no damage.
The black bear claws you.
You shoot a sling bullet.
The sling bullet barely misses the black bear.
The black bear bites you. The black bear claws you.
The black bear closely misses you. The black bear barely misses you. x2
The black bear claws you.
You shoot a sling bullet. The sling bullet hits the black bear.
The black bear is almost dead.
The black bear closely misses you. The black bear claws you. x2
You die...

#.#...###
#.##.####
#.#......
.%........%
###........
##################
#..........#
##.####.########.#
.......@.# #.#
##.####h.# #.#
...# #.# ....#
#.####### .....#
#.......# ##.#..#
#####.... ..#..#
#.#.# ####..#
#.#.# #.#.#


You could see a black bear (berserk).

Vanquished Creatures
  Sigmund (D:4)
  A black bear (D:3)
  A phantom (D:4)
  An adder (D:4)
  3 worms
  4 dart slugs
  An orc (D:3)
  6 endoplasms
  A giant cockroach (D:4)
  A goblin (D:2)
  7 hobgoblins
  4 quokkas
  3 ball pythons
  6 bats
  12 frilled lizards
  9 kobolds
  5 rats
66 creatures vanquished.

Notes
Turn   | Place    | Note
-------+----------+-------------------------------------------
     0 | D:1      | qw the Gargoyle Hexslinger began the quest for the Orb.
     0 | D:1      | Reached XP level 1. HP: 12/12 MP: 2/2
     0 | D:1      | 0 ||| qw: Version: 0.3-a-46-gb1f654a
     0 | D:1      | 0 ||| qw: Game counter: 3150
     0 | D:1      | 0 ||| qw: Melee chars always use a shield: true
     0 | D:1      | 0 ||| qw: God list: Okawaru
     0 | D:1      | 0 ||| qw: Allow faded altars: false
     0 | D:1      | 0 ||| qw: Do Orc after clearing Dungeon:15 true
     0 | D:1      | 0 ||| qw: Do second Lair branch before Depths: true
     0 | D:1      | 0 ||| qw: Lair rune preference: random
     0 | D:1      | 0 ||| qw: Goals: Normal
     0 | D:1      | 0 ||| PLANNING D:1-11
   131 | D:1      | Reached XP level 2. HP: 16/16 MP: 3/3
   254 | D:1      | Found Dozxoton's Vocational Training.
   280 | D:1      | Found a faded altar of an unknown god.
   303 | D:1      | 303 ||| FLEEEEING.
   304 | D:1      | 304 ||| FLEEEEING.
   305 | D:1      | 305 ||| FLEEEEING.
   306 | D:1      | 306 ||| FLEEEEING.
   307 | D:1      | 307 ||| FLEEEEING.
   308 | D:1      | 308 ||| FLEEEEING.
   309 | D:1      | 309 ||| FLEEEEING.
   310 | D:1      | 310 ||| FLEEEEING.
   316 | D:1      | Reached skill level 3 in Ranged Weapons
   423 | D:1      | Found Raiwil's Weapon Emporium.
   423 | D:1      | Noticed a +0 triple sword
   424 | D:1      | Noticed a +0 lajatang
   428 | D:1      | 428 ||| UPGRADING to +0 cloak.
   433 | D:1      | 433 ||| READING scroll labelled IWUYTA WUPHUAL.
   443 | D:1      | Reached XP level 3. HP: 21/21 MP: 4/4
   456 | D:1      | 456 ||| READING scroll labelled EDUJEY BERO.
   457 | D:1      | 457 ||| READING scroll labelled MOEMOTRILI.
   492 | D:1      | 492 ||| DROPPING scroll of poison.
  1060 | D:2      | 1060 ||| UPGRADING to +0 ring mail.
  1070 | D:2      | 1070 ||| DROPPING +0 robe.
  1071 | D:2      | 1071 ||| READING scroll labelled TESMIN GEARUZUD.
  1172 | D:2      | 1172 ||| READING 2 scrolls labelled KOUS IREGOSIGIO.
  1173 | D:2      | 1173 ||| DRINKING 2 murky dark potions.
  1211 | D:2      | 1211 ||| DROPPING potion of lignification.
  1212 | D:2      | 1212 ||| DROPPING scroll of noise.
  1367 | D:3      | Reached XP level 4. HP: 26/26 MP: 5/5
  1414 | D:3      | Reached skill level 1 in Armour
  1653 | D:3      | Found a shadowy altar of Dithmenos.
  1804 | D:3      | 1804 ||| READING scroll labelled LIYPPI XEYBEC BET.
  1807 | D:3      | 1807 ||| DRINKING 2 glowing cyan potions.
  1808 | D:3      | 1808 ||| READING 3 scrolls of identify.
  1808 | D:3      | 1808 ||| IDENTIFYING white potion
  1809 | D:3      | 1809 ||| READING 2 scrolls of identify.
  1809 | D:3      | 1809 ||| IDENTIFYING ruby potion
  1810 | D:3      | 1810 ||| DROPPING potion of brilliance.
  1823 | D:4      | Noticed a phantom
  1838 | D:4      | Killed a phantom
  1839 | D:4      | Reached skill level 4 in Ranged Weapons
  1839 | D:4      | Reached XP level 5. HP: 21/30 MP: 6/6
  1878 | D:4      | Noticed Sigmund
  1878 | D:4      | Noticed a black bear
  1895 | D:4      | Killed Sigmund
  1896 | D:4      | Reached skill level 6 in Ranged Weapons
  1896 | D:4      | Reached XP level 6. HP: 29/35 MP: 7/7
  1896 | D:4      | 1896 ||| FLEEEEING.
  1897 | D:4      | 1897 ||| FLEEEEING.
  1899 | D:4      | 1899 ||| FLEEEEING.
  1900 | D:4      | 1900 ||| STAIRDANCE
  1923 | D:4      | 1923 ||| STAIRDANCE
  1929 | D:3      | Killed a black bear
  1930 | D:3      | Reached skill level 3 in Fighting
  2166 | D:4      | Noticed a black bear
  2181 | D:4      | HP: 7/37 [black bear (3)]
  2181 | D:4      | HP: 3/37 [black bear (2)]
  2182 | D:4      | Slain by a black bear

Levels and vault maps discovered:
D:1:      grunt_arrival_crossed_arrows, layout_rooms,
          dreamdust_ecumenical_altar_grove, serial_glass, glass_columns_a,
          glass_columns_a, item_on_display_a, minmay_strange_pillars,
          due_unseen_surprise, serial_shops, nicolae_shop_mannequins,
          nicolae_shop_vocational
D:2:      layout_basic, nrook_uturn, nicolae_elevator_lobby_plus
D:3:      layout_basic, nicolae_dithmenos_shadow_blocks, minmay_lizard_king
D:4:      layout_basic, minmay_temple_entry_purple_smoke,
          uniq_crazy_yiuf_cottage, uniq_ijyb, uniq_sigmund

Skill      XL: |  1  2  3  4  5  6 |
---------------+-------------------+-----
Ranged Weapons | 3 4 6 |  6.3
Fighting       | 2 3 |  3.4
Armour         | 1 |  1.0
Dodging        | |  1.5
Spellcasting   | |  1.0
Hexes          | |  2.6

Action                     |  1- 3 |  4- 6 || total
---------------------------+-------+-------++-------
   Fire: Sling             |   133 |   122 ||   255
    Use: Scroll            |     5 |     3 ||     8
         Potion            |     1 |     1 ||     2
 Armour: Robe              |     9 |       ||     9
         Ring mail         |       |    64 ||    64
  Dodge: Dodged            |    28 |    52 ||    80

Table legend:
 A = Non-vault XP
 B = Vault XP
 C = Vault XP percentage of total XP
 D = Non-vault monster count
 E = Vault monster count
 F = Vault count percentage of total count
                 A         B        C        D         E       F
            +---------+---------+-------+---------+---------+-------
      Total |     346 |     257 |  42.6 |      55 |      11 |  16.7
            +---------+---------+-------+---------+---------+-------
        D:1 |      37 |       0 |   0.0 |      21 |       0 |   0.0
        D:2 |      39 |       0 |   0.0 |      17 |       0 |   0.0
        D:3 |     139 |      10 |   6.7 |      12 |      10 |  45.5
        D:4 |     131 |     247 |  65.3 |       5 |       1 |  16.7
            +---------+---------+-------+---------+---------+-------
